AoeStats
← So sad

African Clearing

505497740Analyzed
3v3 RM · 22d ago on Sep 9, 2026· 48m 21s· 6 players
Game mode
Random Map
Map size
Normal (6 player)
Population
200
Speed
Normal
Resources
Standard
Victory
Conquest
Starting age
Dark Age
Ending age
Imperial Age
RankedLock teamsTeams togetherTeam positionsShared explorationLock speedFull tech treeHidden civsTurbo modeCheats
Victory
Defeat
🇺🇦 Celts · Ukraine
1338
+14
🇧🇾 Bulgarians · Belarus
1328
+14
🇧🇾 Aztecs · Belarus
1317
+15
🇹🇷 Japanese · Türkiye
1296
-15
🇹🇷 Huns · Türkiye
1293
-14
🇹🇷 Spanish · Türkiye
1272
-14
MadSeyf
6:23 Loom
14:58 Feudal Age
16:32 Double-Bit Axe
19:08 Castle Age
18:03 Double-Bit Axe
18:35 Stone Mining
26:10 Padded Archer Armor
29:50 Ballistics
33:25 Bow Saw
33:00 Horse Collar
35:57 Heavy Plow
38:40 Wheelbarrow
40:43 Imperial Age
38:54 Leather Archer Armor
38:49 Husbandry
39:08 Bloodlines
41:31 Elite Conquistador
42:45 Ring Archer Armor
43:25 Wheelbarrow
42:35 Town Watch
45:03 Hand Cart
44:48 Town Patrol
Trazbon
9:40 Loom
12:15 Feudal Age
12:56 Double-Bit Axe
12:52 Horse Collar
19:20 Forging
21:44 Castle Age
19:52 Gold Mining
20:23 Scale Barding Armor
22:28 Bloodlines
22:48 Chain Barding Armor
ReaLSesame
4:39 Loom
12:32 Feudal Age
12:46 Man-at-Arms
13:24 Double-Bit Axe
14:34 Arson
16:40 Scale Mail Armor
19:48 Horse Collar
21:14 Fletching
24:30 Castle Age
24:41 Crossbowman
26:02 Bodkin Arrow
26:08 Padded Archer Armor
28:24 Bow Saw
30:13 Leather Archer Armor
31:07 Gold Mining
33:35 Wheelbarrow
37:16 Thumb Ring
41:43 Imperial Age
42:00 Gold Shaft Mining
42:36 Arbalester
44:17 Bracer
NiL
5:17 Loom
12:34 Feudal Age
13:10 Double-Bit Axe
12:50 Man-at-Arms
14:10 Town Watch
17:08 Horse Collar
24:48 Castle Age
24:18 Arson
24:36 Scale Mail Armor
25:35 Forging
25:21 Long Swordsman
26:38 Pikeman
29:34 Wheelbarrow
30:39 Fletching
31:57 Bodkin Arrow
35:59 Hand Cart
38:21 Gambesons
42:58 Chain Mail Armor
44:03 Iron Casting
46:08 Bow Saw
46:11 Padded Archer Armor
50:56 Imperial Age
48:11 Town Watch
HURMA
11:14 Feudal Age
12:07 Double-Bit Axe
12:03 Horse Collar
14:27 Wheelbarrow
18:14 Castle Age
17:08 Scale Mail Armor
18:19 Forging
18:47 Loom
19:28 Bow Saw
19:33 Eagle Warrior
23:08 Squires
28:31 Heavy Plow
31:15 Gold Mining
32:34 Gold Shaft Mining
31:59 Arson
32:39 Chain Mail Armor
33:33 Iron Casting
33:30 Hand Cart
33:48 Stone Mining
34:51 Fervor
35:33 Stone Shaft Mining
39:38 Imperial Age
39:44 Elite Eagle Warrior
40:58 Plate Mail Armor
41:01 Garland Wars
40:14 Capped Ram
41:05 Siege Engineers
41:56 Ballistics
42:02 Siege Ram
44:29 Blast Furnace
44:51 Fletching
45:23 Bodkin Arrow
46:15 Bracer
46:47 Town Watch
47:01 Treadmill Crane
47:34 Padded Archer Armor
48:55 Conscription
So sad
6:02 Loom
14:10 Feudal Age
19:49 Castle Age
25:17 Squires
25:23 Scale Mail Armor
24:59 Pikeman
26:49 Arson
30:03 Scale Barding Armor
31:55 Town Watch
35:14 Forging
36:21 Double-Bit Axe
37:30 Bow Saw
39:41 Chain Barding Armor
39:56 Iron Casting
39:57 Horse Collar
43:16 Chain Mail Armor
43:28 Gold Mining
48:03 Fletching
48:18 Padded Archer Armor
47:40 Elite Skirmisher
Connection lost

Rejoining the realm…

Still unreachable

The connection could not be restored.

Session expired

The server has moved on; the page needs a fresh start.